 Dungeon Crawl Stone Soup version 0.32-a0-172-gc5dd13f2a7 (webtiles) character file.

Game seed: 14045505161316814726

60 IdlyInterested the Changeling (level 4, 0/28 HPs)
             Began as an Octopode Shapeshifter on Feb 12, 2024.
             Slain by a gnoll
             ... wielding a +0 club
              (6 damage)
             ... on level 2 of the Dungeon.
             The game lasted 00:02:23 (1231 turns).

IdlyInterested the Changeling (OpSh)                Turns: 1231, Time: 00:02:24

Health: 0/28       AC:  1    Str: 13    XL:     4   Next: 4%
Magic:  4/4        EV: 13    Int: 12    God:
Gold:   90         SH:  0    Dex: 13    Spells: 3/3 levels left

rFire   . .          .
                       - Unarmed
rCold   . . .        (no shield)
rNeg    . . .        (helmet currently unavailable)
rPois   .            (no amulet)
rElec   .            (no ring)
rCorr   .            (no ring)
SInv    .            (no ring)
Will    .....        (no ring)
Stlth   ++           (no ring)
HPRegen 0.24/turn    (no ring)
MPRegen 0.09/turn    (no ring)
                     (no ring)

%: no passive effects
@: beast-form
A: beast (slay +2), almost no armour, amphibious, 8 rings, camouflage 1,
gelatinous body 1, (nimble swimmer 1), tentacles
a: Begin Untransformation


You were on level 2 of the Dungeon.
You were a hulking beast.
You visited 1 branch of the dungeon, and saw 2 of its levels.

You collected 90 gold pieces.

Inventory:

Hand Weapons
 d - a +0 short sword
 j - a +0 dagger of holy wrath
Missiles
 e - 4 stones (quivered)
Magical Staves
 l - a staff of conjuration
Talismans
 b - a beast talisman (active)
 c - a flux talisman
Scrolls
 g - a scroll of identify
 i - a scroll of poison
 m - a scroll of teleportation
 n - a scroll of fear {unknown}
Potions
 a - a potion of lignification
 f - a potion of enlightenment {unknown}
 h - 2 potions of berserk rage {unknown}
 k - a potion of brilliance {unknown}


   Skills:
 - Level 1.0 Fighting
 - Level 2.0 Dodging
 + Level 3.7 Unarmed Combat
 * Level 4.1 Shapeshifting


You had 3 spell levels left.
You didn't know any spells.
Your spell library contained the following spells:

 Spells                   Type           Power      Damage    Failure   Level
 Fugue of the Fallen      Necr           0%         N/A       69%         3
 Hailstorm                Conj/Ice       0%         3d5       69%         3
 Ozocubu's Armour         Ice            0%         N/A       69%         3
 Summon Ice Beast         Ice/Summ       0%         N/A       69%         3
 Manifold Assault         Tloc           0%         N/A       97%         4
 Sculpt Simulacrum        Ice/Alch       0%         N/A       100%        6


Dungeon Overview and Level Annotations

Branches:
Dungeon (2/15)

Altars:


Innate Abilities, Weirdness & Mutations

You are a hulking beast.
Your limbs bulge with bestial killing power. (Slay +2)
You cannot wear most types of armour.
You are amphibious.
You can wear up to eight rings at the same time.
Your skin changes colour to match your surroundings (Stealth+).
Your rubbery body absorbs attacks. (AC +1, EV +1)
((You are camouflaged when in or above water. (Stealth+)))
You have tentacles for arms and can constrict up to eight enemies at once.


Message History

Found 3 stones.
A gnoll comes into view.
It is wielding a +0 spear and quivering 2 throwing nets.
An adder comes into view.
The gnoll closely misses you.
The adder hisses angrily.
The gnoll shouts! x2
You tentacle-slap the gnoll but do no damage.
Your grab misses the gnoll. You squeeze the gnoll.
The gnoll is lightly wounded.
You tentacle-slap the gnoll. You grab the gnoll. You squeeze the gnoll!
You kill the gnoll!
The gnoll barely misses you.
The gnoll throws a throwing net.
The throwing net misses you.
Your Shapeshifting skill increases to level 4!
A rat comes into view.
The gnoll closely misses you.
A quokka comes into view.
You closely miss the gnoll.
The rat squeaks loudly.
Your grab misses the gnoll. Your squeeze misses the gnoll.
You hear an angry hiss.
The gnoll misses you. The gnoll hits you with a +0 club.
You tentacle-slap the gnoll. You grab the gnoll. You tentacle-slap the gnoll.
You squeeze the gnoll.
You kill the gnoll!
The adder bites you.
The gnoll hits you from afar with a +0 spear.
The gnoll hits you with a +0 club. The adder closely misses you.
You have reached level 4!
You tentacle-slap the gnoll. You grab the gnoll.
The gnoll is moderately wounded.
You constrict the gnoll. The adder barely misses you.
The gnoll closely misses you. The gnoll barely misses you.
The adder closely misses you. x2
You tentacle-slap the gnoll.
The gnoll is severely wounded.
You constrict the gnoll, but do no damage.
The gnoll hits you from afar with a +0 spear!
* * * LOW HITPOINT WARNING * * *
The adder bites you but does no damage. The gnoll hits you with a +0 club.
You die...

#(. #.#. #... #.#.
#...###### #.#.
>........# #.##
.....!...# #.##
.........##### #..<
#..........# ######
#.####.(.....# #.....
#.rSh........###.....
#..gS.###...†).#.....
#...rg...###....#.......
###.....................
.....##......####...##.
##.... .......# ###.##.
..(... ....... #..#.
...... ....... ##...
..... ##..


You could see 2 gnolls, 2 adders, a quokka and a rat.

Vanquished Creatures
  2 gnolls (D:2)
  A ball python (D:1)
  6 bats
  8 endoplasms
  A giant cockroach (D:1)
  2 goblins
  4 hobgoblins
  A quokka (D:1)
  2 frilled lizards (D:2)
  7 kobolds
  3 rats (D:1)
37 creatures vanquished.

Notes
Turn   | Place    | Note
-------+----------+-------------------------------------------
     0 | D:1      | IdlyInterested the Octopode Shapeshifter began the quest
                  | for the Orb.
     0 | D:1      | Reached XP level 1. HP: 13/13 MP: 1/1
   239 | D:1      | Reached XP level 2. HP: 11/18 MP: 2/2
   571 | D:1      | Reached XP level 3. HP: 23/23 MP: 3/3
  1227 | D:2      | Reached skill level 4 in Shapeshifting
  1230 | D:2      | Reached XP level 4. HP: 13/28 MP: 4/4
  1231 | D:2      | Slain by a gnoll

Illustrated notes

Levels and vault maps discovered:
D:1:      dpeg_arrival_rooms_with_view, layout_basic
D:2:      layout_basic, grunt_decor_mini_mirrors, minmay_misc_feat_roman

Skill      XL: |  1  2  3 |
---------------+----------+-----
Shapeshifting  | 4 |  4.1
Fighting       | |  1.0
Dodging        | |  2.0
Unarmed Combat | |  3.7

Action                     |  1- 3 |  4- 6 || total
---------------------------+-------+-------++-------
  Melee: Unarmed           |    64 |     2 ||    66
         Constrict         |    15 |     1 ||    16
         Punch             |     4 |       ||     4
         Tentacles         |    14 |       ||    14
    Use: Scroll            |     2 |       ||     2
   Stab: Sleeping          |     8 |       ||     8
 Armour: Skin              |    26 |     3 ||    29
  Dodge: Dodged            |    34 |     5 ||    39

Table legend: (Time is in decaauts)
 A = Elapsed time spent in this place.
 B = Non-inter-level travel time spent in this place.
 C = Inter-level travel time spent in this place.
 D = Time resting spent in this place.
 E = Time spent auto-exploring this place.
 F = Levels seen in this place.
 G = Mean time per level.
                   A        B        C        D        E       F      G
               +--------+--------+--------+--------+--------+-----+--------+
         Total |   1227 |   1182 |     45 |    138 |    791 |   2 |  613.5 |
       Dungeon |   1227 |   1182 |     45 |    138 |    791 |   2 |  613.5 |
               +--------+--------+--------+--------+--------+-----+--------+

Top non-repeatable levels by time:
     D:1: 981 daAuts
     D:2: 245 daAuts
